 Dungeon Crawl Stone Soup version 0.29-a0-732-g3d7fbe0af2 (webtiles) character file.

Game seed: 5236704679609714854

35 blackman the Chopper (level 3, -3/31 HPs)
             Began as a Hill Orc Monk on June 29, 2022.
             Slain by a quokka (4 damage)
             ... on level 2 of the Dungeon.
             The game lasted 00:04:23 (2149 turns).

blackman the Chopper (Hill Orc Monk)                Turns: 2149, Time: 00:04:24

Health: -3/31      AC:  2    Str: 15    XL:     3   Next: 35%
Magic:  3/3        EV: 12    Int: 10    God:
Gold:   23         SH:  0    Dex: 13    Spells: 2/2 levels left

rFire   . . .      SeeInvis .   f - +1 whip (venom)
rCold   . . .      Faith    .   (no shield)
rNeg    . . .      Spirit   .   b - +0 robe
rPois   .          Reflect  .   (no helmet)
rElec   .          Harm     .   (no cloak)
rCorr   .          Rampage  .   (no gloves)
Will    .....                   (no boots)
Stlth   ++........              (no amulet)
HPRegen 0.10/turn               (no ring)
MPRegen 0.08/turn               (no ring)

@: no status effects
A: no striking features
a: no special abilities


You were on level 2 of the Dungeon.
You visited 1 branch of the dungeon, and saw 2 of its levels.

You collected 23 gold pieces.

Inventory:

Hand Weapons
 a - a +0 hand axe
 f - a +1 whip of venom (weapon)
Armour
 b - a +0 robe (worn)
Jewellery
 d - a ring of positive energy
Scrolls
 h - a scroll of enchant armour {unknown}
 i - a scroll of identify {unknown}
 l - a scroll of magic mapping {unknown}
 n - 3 scrolls of silence {unknown}
 o - a scroll of fear {unknown}
 p - a scroll of brand weapon {unknown}
Potions
 e - a potion of resistance {unknown}
 g - a potion of haste {unknown}
 j - a potion of heal wounds {unknown}
 k - 3 potions of magic {unknown}
 m - a potion of attraction {unknown}


   Skills:
 - Level 3.6 Fighting
 + Level 5.8 Axes
 - Level 2.4 Dodging
 - Level 1.5 Stealth


You had 2 spell levels left.
You didn't know any spells.
Your spell library was empty.

Dungeon Overview and Level Annotations

Branches:
Dungeon (2/15)

Altars:

Annotations:
D:2 Sigmund


Message History

You bump into the rock wall.
The quokka barely misses you. Sigmund closely misses you.
The jackal closely misses you. The quokka closely misses you.
You bump into the rock wall.
The jackal closely misses you.
Sigmund laughs darkly.
Sigmund points at you and mumbles some strange words.
The magic dart hits you. The quokka bites you.
The jackal bites you but does no damage.
You bump into the rock wall.
The quokka misses you.
The jackal bites you but does no damage.
Sigmund barely misses you.
You completely miss Sigmund.
You feel less invigorated.
You feel less confused. The jackal barely misses you.
The quokka closely misses you.
You barely miss Sigmund.
The jackal bites you but does no damage.
The quokka misses you. Sigmund hits you with a +0 scythe! The jackal bites you.
You completely miss Sigmund. The quokka misses you.
The jackal barely misses you. Sigmund closely misses you.
You hit Sigmund.
Sigmund is lightly wounded.
The quokka closely misses you. The jackal misses you. The quokka bites you.
You closely miss Sigmund.
Sigmund is lightly wounded.
The jackal bites you but does no damage.
Sigmund closely misses you. The quokka misses you.
The jackal bites you but does no damage.
You hit Sigmund.
Sigmund is poisoned.
Sigmund is moderately wounded.
The jackal bites you. The quokka bites you.
* * * LOW HITPOINT WARNING * * *
Sigmund gestures at you while chanting. The magic dart hits you.
* * * LOW HITPOINT WARNING * * *
You hit Sigmund.
Sigmund looks even sicker.
Sigmund is heavily wounded.
The jackal bites you.
* * * LOW HITPOINT WARNING * * *
The quokka bites you.
You die...

....... .......
....... .......
..... ###...
.#.#.#@#.#.#.#.
).....r@h.......
#.#.#.#h#.#.#.#.
.........
#.#.#.#.#.#
.......#####
..... ... ....
.... ... .>.


You could see Sigmund (very poisoned), a quokka and 2 jackals.

Vanquished Creatures
  2 dart slugs (D:1)
  3 endoplasms (D:1)
  A giant cockroach (D:1)
  2 goblins (D:1)
  2 hobgoblins (D:1)
  2 jackals
  A quokka (D:1)
  4 ball pythons
  6 bats (D:1)
  A frilled lizard (D:1)
  3 kobolds (D:1)
  4 rats (D:1)
31 creatures vanquished.

Notes
Turn   | Place    | Note
-------+----------+-------------------------------------------
     0 | D:1      | blackman the Hill Orc Monk began the quest for the Orb.
     0 | D:1      | Reached XP level 1. HP: 19/19 MP: 1/1
   228 | D:1      | Reached XP level 2. HP: 17/26 MP: 2/2
   520 | D:1      | Reached skill level 5 in Axes
   717 | D:1      | Reached XP level 3. HP: 29/31 MP: 3/3
   913 | D:1      | Found a faded altar of an unknown god.
   986 | D:2      | Noticed Sigmund
  2149 | D:2      | HP: 1/31 [jackal (1)]
  2149 | D:2      | Slain by a quokka

Illustrated notes

Levels and vault maps discovered:
D:1:      saegor_arrival_simple_a, layout_basic,
          dreamdust_ecumenical_altar_angels_and_demons, minmay_misc_feat_room
D:2:      layout_loops_corners, serial_shops, nicolae_shop_waterfront,
          basic_altar, st_stairs_13, uniq_sigmund

Skill      XL: |  1  2 |
---------------+-------+-----
Axes           | 5 |  5.8
Fighting       | |  3.6
Dodging        | |  2.4
Stealth        | |  1.5

Action                   || total
-------------------------++-------
Melee: Hand axe          ||    30
       Whip              ||    48
  Use: Potion            ||     1
 Stab: Sleeping          ||     2
Armor: Robe              ||    22
Dodge: Dodged            ||   103

Table legend: (Time is in decaauts)
 A = Elapsed time spent in this place.
 B = Non-inter-level travel time spent in this place.
 C = Inter-level travel time spent in this place.
 D = Time resting spent in this place.
 E = Time spent auto-exploring this place.
 F = Levels seen in this place.
 G = Mean time per level.
                   A        B        C        D        E       F      G
               +--------+--------+--------+--------+--------+-----+--------+
         Total |   2149 |   2112 |     37 |   1136 |    786 |   2 | 1074.5 |
       Dungeon |   2149 |   2112 |     37 |   1136 |    786 |   2 | 1074.5 |
               +--------+--------+--------+--------+--------+-----+--------+

Top non-repeatable levels by time:
     D:1: 2127 daAuts
     D:2: 21 daAuts
